 Dungeon Crawl Stone Soup version 0.31-a0-948-gf5be29c462 (webtiles) character file.

Game seed: 6900653728049586624

11170 Bnni the Skirmisher (level 11, -6/71 HPs)
             Began as a Tengu Hunter on Oct 21, 2023.
             Was a Believer of Fedhas.
             Mangled by a death yak (21 damage)
             ... on level 10 of the Dungeon.
             The game lasted 00:19:58 (7502 turns).

Bnni the Skirmisher (Tengu Hunter)                  Turns: 7502, Time: 00:19:58

Health: -6/71      AC: 13    Str: 12    XL:     11   Next: 73%
Magic:  12/15      EV: 21    Int:  9    God:    Fedhas [**....]
Gold:   459        SH:  0    Dex: 22    Spells: 10/10 levels left

rFire   . . .        C - +2 orcbow (flame)
rCold   . . .        (shield currently unavailable)
rNeg    . . .        a - +0 acid dragon scales
rPois   .            B - +2 hat
rElec   .            o - +0 cloak
rCorr   +            z - +2 pair of gloves
SInv    +            (boots unavailable)
Will    .....        c - amulet of faith
Stlth   ++           k - ring of wizardry
HPRegen 0.31/turn    M - ring of see invisible
MPRegen 0.14/turn

%: acrobat, faith, wizardry (x1)
@: flying
A: beak, talons 3, evasive flight, acrobatic
a: Renounce Religion, Wall of Briars


You were on level 10 of the Dungeon.
You worshipped Fedhas.
Fedhas was pleased with you.
You visited 2 branches of the dungeon, and saw 11 of its levels.

You collected 579 gold pieces.
You spent 120 gold pieces at shops.

Inventory:

Hand Weapons
 r - a +0 dagger of protection
 C - a +2 orcbow of flaming (weapon)
Missiles
 v - 28 poisoned darts
 K - 3 darts of dispersal
Armour
 a - +0 acid dragon scales (worn)
 o - a +0 cloak (worn)
 z - a +2 pair of gloves (worn)
 B - a +2 hat (worn)
 F - a +0 troll leather armour
Jewellery
 c - an amulet of faith (around neck)
 k - a ring of wizardry (left hand)
 x - a ring of ice
 D - an amulet of regeneration
 M - a ring of see invisible (right hand)
Wands
 J - a wand of mindburst (17)
 L - a wand of flame (38)
Scrolls
 d - 3 scrolls of immolation
 e - 3 scrolls of enchant armour {unknown}
 h - 2 scrolls of torment {unknown}
 i - 2 scrolls of fear
 j - a scroll of vulnerability
 l - a scroll of poison
 m - 2 scrolls of summoning
 p - a scroll of enchant weapon {unknown}
 s - 5 scrolls of teleportation
 y - 2 scrolls of amnesia {unknown}
 E - a scroll of blinking
 H - a scroll of fog {unknown}
Potions
 f - 6 potions of curing
 g - 2 potions of lignification
 n - a potion of degeneration {unknown}
 q - a potion of enlightenment {unknown}
 t - 2 potions of brilliance {unknown}
 u - a potion of ambrosia {unknown}
 w - a potion of might {unknown}
 A - 2 potions of mutation {unknown}
 G - a potion of heal wounds
 I - a potion of berserk rage {unknown}
 N - a potion of haste {unknown}


   Skills:
 + Level 9.3 Fighting
 * Level 14.4 Ranged Weapons
 - Level 3.4 Armour
 + Level 8.2 Dodging
 - Level 1.0 Stealth
 * Level 4.6 Invocations


You had 10 spell levels left.
You didn't know any spells.
Your spell library contained the following spells:

 Spells                   Type           Power      Damage    Failure   Level
 Malign Gateway           Summ/Tloc      0%         N/A       100%        7
 Summon Horrible Things   Summ           0%         N/A       100%        8


Dungeon Overview and Level Annotations

Branches:
Dungeon (10/15)            Temple (1/1) D:6
   Lair: D:8-11         Orc: D:9-12

Altars:
Cheibriados
Dithmenos
Elyvilon
Fedhas
Gozag
Hepliaklqana
Kikubaaqudgha
Makhleb
Nemelex Xobeh
Okawaru
Ru
Sif Muna
Trog
Uskayaw
Vehumet
Wu Jian
Xom
Yredelemnul
Zin
The Shining One

Shops:
D:4 [   D:6 !


Innate Abilities, Weirdness & Mutations

You have a beak for a mouth.
You have claws for feet.
Your magical flight helps you evade attacks. (EV +4)
You can magically evade attacks while moving or waiting.


Message History

Aim: a death yak (heavily wounded, ally target, 84% to hit)
You shoot an arrow. Fedhas protects your plant from harm.
The arrow hits the death yak but does no damage.
The death yak is heavily wounded.
Unknown command.
Fire: C) +2 orcbow (flame)
Press: ? - help, Shift-Dir - straight line, f/p - death yak
Aim: a death yak (heavily wounded, ally target, 84% to hit)
You shoot an arrow. Fedhas protects your plant from harm.
The arrow hits the death yak but does no damage.
The death yak is heavily wounded.
The death yak gores your briar patch!!
Fire: C) +2 orcbow (flame)
Press: ? - help, Shift-Dir - straight line, f/p - death yak
Aim: a death yak (heavily wounded, ally target, 84% to hit)
You shoot an arrow. Fedhas protects your plant from harm.
The arrow hits the death yak but does no damage.
The death yak is heavily wounded.
The death yak gores your briar patch!
Your briar patch is destroyed!
Your briar patch disappears in a puff of smoke!
Unknown command.
Fire: C) +2 orcbow (flame)
Press: ? - help, Shift-Dir - straight line, f/p - death yak
Aim: a death yak (heavily wounded, ally target, 84% to hit)
You shoot an arrow. Fedhas protects your plant from harm.
The arrow hits the death yak!!
The arrow burns the death yak.
The death yak is almost dead.
Fire: C) +2 orcbow (flame)
Press: ? - help, Shift-Dir - straight line, f/p - death yak
Aim: a death yak (grey smoke, almost dead, ally target, 84% to hit)
You shoot an arrow. The arrow barely misses the death yak.
The death yak snorts and paws the ground.
The death yak gores you!!
You die...
Fedhas appreciates your contribution to the ecosystem.

############
#.P@P§.....#
+.PPY.§....#
##..§##.....#
#8...8#.....#
##...###+##.#
#...# #.#
##...## #.###
#8...8# #...#
####...####
###.#


You could see a death yak (ally target).

Vanquished Creatures
  A centaur warrior (D:9)
  2 death yaks
  A two-headed ogre (D:6)
  An ugly thing (D:10)
  Joseph (D:7)
  Maggie (D:8)
  Jeremiah (D:7)
  A komodo dragon (D:9)
  2 trolls
  A hornet (D:9)
  6 slime creatures (D:8)
  A wyvern (D:7)
  11 yaks
  2 steam dragons
  2 vampire mosquitoes (D:10)
  Menkaure (D:6)
  A water moccasin (D:8)
  2 black bears
  A sky beast (D:5)
  2 orc warriors
  4 centaurs
  An ogre (D:4)
  2 kobold brigands
  A phantom (D:4)
  5 bullfrogs
  A scorpion (D:5)
  8 wights
  6 killer bees (D:9)
  3 howler monkeys
  3 jellies
  2 hounds
  6 orc priests
  A gnoll bouda (D:8)
  2 sleepcaps
  7 iguanas
  5 orc wizards
  9 gnolls
  4 adders
  A shadow imp (D:6)
  2 white imps
  2 ufetubi (D:5)
  4 worms
  2 dart slugs
  22 orcs
  5 ball pythons
  3 bats (D:1)
  6 endoplasms
  4 giant cockroaches
  11 goblins
  9 hobgoblins
  2 jackals (D:2)
  4 frilled lizards
  18 kobolds
  3 rats
209 creatures vanquished.

Vanquished Creatures (collateral kills)
  A centaur (D:9)
1 creature vanquished.

Grand Total: 210 creatures vanquished

Notes
Turn   | Place    | Note
-------+----------+-------------------------------------------
     0 | D:1      | Bnni the Tengu Hunter began the quest for the Orb.
     0 | D:1      | Reached XP level 1. HP: 12/12 MP: 2/2
   151 | D:1      | Reached XP level 2. HP: 17/17 MP: 3/3
   381 | D:1      | Reached skill level 5 in Ranged Weapons
   405 | D:1      | Reached XP level 3. HP: 22/22 MP: 4/4
   748 | D:2      | HP: 1/22 [worm (11)]
   990 | D:2      | You fall into a shaft and drop 2 floors!
   999 | D:4      | Found Eluaniym's Armour Boutique.
  1029 | D:4      | Noticed an ogre
  1065 | D:4      | Reached XP level 4. HP: 27/27 MP: 5/5
  1298 | D:3      | Reached skill level 6 in Ranged Weapons
  1403 | D:3      | Reached XP level 5. HP: 32/32 MP: 6/6
  1441 | D:3      | Noticed a black bear
  1454 | D:3      | Killed a black bear
  1574 | D:3      | Reached XP level 6. HP: 25/38 MP: 7/7
  1953 | D:4      | Reached skill level 7 in Ranged Weapons
  2882 | D:5      | Entered Level 5 of the Dungeon
  2909 | D:5      | Gained mutation: Your magical flight helps you evade
                  | attacks. (EV +4) [Tengu growth]
  2909 | D:5      | Reached XP level 7. HP: 38/44 MP: 8/8
  2976 | D:5      | Reached skill level 8 in Ranged Weapons
  3348 | D:5      | Reached skill level 5 in Fighting
  3580 | D:5      | Reached skill level 9 in Ranged Weapons
  3580 | D:5      | Reached XP level 8. HP: 15/49 MP: 9/9
  4104 | D:6      | Found Woekkiof's Distillery.
  4119 | D:6      | Bought a potion of heal wounds for 75 gold pieces
  4119 | D:6      | Bought a potion of curing for 45 gold pieces
  4124 | D:6      | Reached skill level 10 in Ranged Weapons
  4158 | D:6      | Noticed Menkaure
  4161 | D:6      | Killed Menkaure
  4162 | D:6      | Reached XP level 9. HP: 56/56 MP: 10/10
  4246 | D:6      | Found a staircase to the Ecumenical Temple.
  4256 | Temple   | Entered the Ecumenical Temple
  4293 | D:6      | Noticed a two-headed ogre
  4301 | D:6      | Killed a two-headed ogre
  4302 | D:6      | Reached skill level 11 in Ranged Weapons
  4549 | D:7      | Reached skill level 5 in Dodging
  4621 | D:7      | Noticed Joseph
  4636 | D:7      | Killed Joseph
  4674 | D:7      | Noticed Jeremiah
  4690 | D:7      | Killed Jeremiah
  4691 | D:7      | Reached skill level 12 in Ranged Weapons
  4691 | D:7      | Reached XP level 10. HP: 48/64 MP: 11/11
  4744 | D:7      | Found a blossoming altar of Fedhas.
  5284 | D:8      | Reached skill level 13 in Ranged Weapons
  5492 | D:8      | Noticed Maggie
  5665 | D:7      | Became a worshipper of Fedhas Madash
  5724 | D:8      | Killed Maggie
  5725 | D:8      | Reached skill level 1 in Invocations
  6165 | D:9      | Reached skill level 1 in Armour
  6264 | D:9      | Reached XP level 11. HP: 69/69 MP: 13/13
  6322 | D:9      | Reached * piety under Fedhas
  6674 | D:9      | Noticed a centaur warrior
  6696 | D:9      | Killed a centaur warrior
  6697 | D:9      | Reached skill level 14 in Ranged Weapons
  6949 | D:9      | Reached ** piety under Fedhas
  7030 | D:10     | Entered Level 10 of the Dungeon
  7132 | D:10     | Noticed a cyan ugly thing
  7133 | D:10     | Noticed a death yak
  7155 | D:10     | Killed a cyan ugly thing
  7165 | D:10     | Killed a death yak
  7216 | D:10     | Noticed a death yak
  7216 | D:10     | Noticed a death yak
  7476 | D:9      | Killed a death yak
  7502 | D:10     | Mangled by a death yak

Illustrated notes

Levels and vault maps discovered:
D:1:      mushboom_english_gardens, layout_loops_ring, serial_bayou_pond_d
D:2:      layout_rooms
D:3:      layout_rooms
D:4:      layout_gridville, serial_shops, shop,
          hangedman_abyss_or_decor_lesser_grid
D:5:      layout_basic
D:6:      layout_rooms, minmay_temple_entry_drinking_statues, serial_shops,
          nicolae_shop_waterfront, wad_floor_pattern_2, uniq_menkaure
D:7:      layout_rooms, lemuel_round_altar, serial_rivers,
          chequers_serial_rivers_room_b, chequers_serial_rivers_large_b,
          chequers_serial_rivers_large_a, chequers_serial_rivers_small_3,
          hangedman_decor_growths, nicolae_fountain_basement, uniq_jeremiah,
          uniq_joseph
D:8:      layout_loops_ring, uniq_maggie
D:9:      layout_loops_ring
D:10:     layout_roguey, gammafunk_temple_overflow_wave, dpeg_lair_monsters,
          david_orc_2, serial_corexii_hall, corexii_hall_statues_i,
          corexii_hall_statues_i, corexii_hall_statues_deadend,
          corexii_hall_statues_x
Temple:   hellmonk_temple_of_storms

Skill      XL: |  1  2  3  4  5  6  7  8  9 10 11 |
---------------+----------------------------------+-----
Ranged Weapons | 5 6 7 9 10 12 13 14 | 14.4
Fighting       | 3 4 5 6 7 8 9 |  9.3
Dodging        | 3 5 7 8 |  8.2
Invocations    | 2 4 |  4.6
Armour         | 1 3 |  3.4
Stealth        | |  1.0

Action                     |  1- 3 |  4- 6 |  7- 9 | 10-12 || total
---------------------------+-------+-------+-------+-------++-------
  Melee: Dagger            |       |    27 |    45 |     4 ||    76
         Peck              |       |     6 |    12 |     2 ||    20
         Kick              |       |    11 |    13 |     3 ||    27
         Punch             |       |       |     3 |       ||     3
   Fire: Shortbow          |   127 |   104 |    65 |       ||   296
         Orcbow            |       |       |   177 |   359 ||   536
  Throw: Dart              |       |     4 |     1 |     2 ||     7
         Throwing net      |       |       |       |     4 ||     4
 Invoke: Wall of Briars    |       |       |       |     2 ||     2
    Use: Scroll            |       |       |     6 |     4 ||    10
         Potion            |       |       |       |     1 ||     1
 Armour: Leather armour    |    20 |    47 |    87 |    22 ||   176
         Acid dragon scale |       |       |       |    54 ||    54
  Dodge: Dodged            |    24 |    32 |   135 |   155 ||   346

Table legend: (Time is in decaauts)
 A = Elapsed time spent in this place.
 B = Non-inter-level travel time spent in this place.
 C = Inter-level travel time spent in this place.
 D = Time resting spent in this place.
 E = Time spent auto-exploring this place.
 F = Levels seen in this place.
 G = Mean time per level.
                   A        B        C        D        E       F      G
               +--------+--------+--------+--------+--------+-----+--------+
         Total |   7500 |   6944 |    556 |    867 |   4275 |  11 |  681.8 |
       Dungeon |   7499 |   6943 |    556 |    867 |   4275 |  10 |  749.9 |
        Temple |      1 |      1 |      0 |      0 |      0 |   1 |    1.0 |
               +--------+--------+--------+--------+--------+-----+--------+

Top non-repeatable levels by time:
     D:4: 1352 daAuts
     D:9: 1026 daAuts
     D:8: 978 daAuts
     D:5: 957 daAuts
     D:1: 778 daAuts
     D:7: 773 daAuts
     D:3: 623 daAuts
     D:6: 526 daAuts
    D:10: 245 daAuts
     D:2: 237 daAuts
  Temple: 1 daAuts
